 Dungeon Crawl Stone Soup version 0.24-a0-463-g3510def36b (webtiles) character file.

Game seed: 5256742033636113763

433 mhoghedin the Sneak (level 7, -2/46 HPs)
             Began as an Octopode Assassin on July 2, 2019.
             Slain by a killer bee (8 damage)
             ... on level 4 of the Dungeon.
             The game lasted 00:05:13 (3483 turns).

mhoghedin the Sneak (Octopode Assassin)             Turns: 3483, Time: 00:05:13

Health: -2/46      AC:  1    Str: 10    XL:     7   Next: 0%
Magic:  7/7        EV: 14    Int: 15    God:
Gold:   259        SH:  0    Dex: 14    Spells: 6/6 levels left

rFire    . . .     SeeInvis .   a - +2 dagger
rCold    . . .     Gourm    .   (no shield)
rNeg     . . .     Faith    .   (helmet restricted)
rPois    .         Spirit   .   (no amulet)
rElec    .         Reflect  .   (no ring)
rCorr    .         Harm     .   (no ring)
MR       .....                  (no ring)
Stlth    +++++.....             (no ring)
HPRegen  0.15/turn              (no ring)
MPRegen  0.10/turn              (no ring)
                                (no ring)
                                (no ring)

@: lethally poisoned (-2 -> -12), about to teleport
A: almost no armour, stealthy swim, amphibious, 8 rings, constrict 8, camouflage
1, gelatinous body 1
a: no special abilities


You were on level 4 of the Dungeon.
You were not hungry.

You visited 1 branch of the dungeon, and saw 4 of its levels.

You collected 259 gold pieces.

Inventory:

Hand Weapons
 a - a +2 dagger (weapon)
 c - a +1 whip of pain
   (You took it off a kobold on level 3 of the Dungeon)
Missiles
 b - 7 poisoned darts
 o - 2 curare-tipped darts (quivered)
Scrolls
 g - a scroll of blinking {!r}
 h - 3 scrolls of remove curse
 p - a scroll of fear
 r - a scroll of immolation {!r}
Potions
 e - 3 potions of lignification {unknown}
 i - a potion of flight {unknown}
 k - a potion of mutation {unknown}
 n - a potion of curing {unknown}
 q - 3 potions of heal wounds {unknown}
 s - a potion of agility {unknown}
 t - a potion of invisibility {unknown}
Comestibles
 d - 4 rations


   Skills:
 + Level 3.3 Fighting
 + Level 4.4 Short Blades
 - Level 2.0 Throwing
 + Level 2.7 Dodging
 + Level 7.9 Stealth


You had 6 spell levels left.
You didn't know any spells.
Your spell library was empty.

Dungeon Overview and Level Annotations

Branches:
Dungeon (4/15)
 Temple: D:4-7

Altars:
Elyvilon


Innate Abilities, Weirdness & Mutations

You cannot wear most types of armour.
You are very stealthy in the water. (Stealth+)
You are amphibious.
You can wear up to eight rings at the same time.
You can use your tentacles to constrict eight enemies at once.
Your skin changes colour to match your surroundings (Stealth+).
Your rubbery body absorbs attacks. (AC +1, EV +1)


Message History

You feel strangely unstable.
It was a scroll of teleportation.
As you read the scroll labeled XAEWUH WEQUC, it crumbles to dust.
It is a scroll of amnesia.
You feel forgetful for a moment.
Done exploring.
Done exploring.
(D) Dungeon
Where to? (Enter - D:4, ? - help)
You climb downwards.
Your surroundings suddenly seem different.
Found 17 gold pieces.
Found a stone staircase leading up.
A giant cockroach and an orc come into view.
Unknown command.
The orc shouts!
You completely miss the giant cockroach.
Your grab misses the giant cockroach. The giant cockroach bites you.
You take 2 damage, and have 40/42 hp.
You barely miss the orc. You grab the orc. You squeeze the orc.
You constrict the orc.
You kill the orc!
The giant cockroach barely misses you.
You hit the giant cockroach. Your grab misses the giant cockroach.
The giant cockroach barely misses you.
You barely miss the giant cockroach. You grab the giant cockroach.
You constrict the giant cockroach, but do no damage.
The giant cockroach bites you.
You take 1 damage, and have 40/42 hp.
You hit the giant cockroach. You constrict the giant cockroach.
The giant cockroach barely misses you.
You hit the giant cockroach but do no damage.
You constrict the giant cockroach.
You kill the giant cockroach!
No target in view!
No target in view!
No target in view!
No target in view!
No target in view!
No target in view!
No target in view!
You start resting.
Health restored: 42
Found a stone staircase leading down.
Things that are here:
a +0 falchion; an orc corpse You see here a giant cockroach corpse.
You now have 244 gold pieces (gained 2).
d - 4 rations (gained 1)
Found an escape hatch in the ceiling.
You now have 259 gold pieces (gained 15).
You open the door. 2 killer bees come into view.
An orc comes into view.
There is an open door here.
The helpless killer bee fails to defend itself.
You perforate the killer bee like a sieve!!!
You kill the killer bee!
You have reached level 7!
Health restored: 46; MP restored: 7 A killer bee comes into view.
An ogre comes into view. It is wielding a +0 giant club.
The killer bee stings you.
You take 4 damage, and have 42/46 hp.
The killer bee barely misses you.
The orc shouts!
You hear a shout!
The killer bee stings you.
You are poisoned.
The killer bee poisons you!
There is an open door here.
You take 1 damage, and have 41/46 hp.
Unknown command.
You feel sick. The killer bee closely misses you.
You take 1 damage, and have 40/46 hp.
You hit the killer bee. Your grab misses the killer bee.
You feel sick. The killer bee stings you!
You are more poisoned.
The killer bee poisons you!
You take 9 damage, and have 31/46 hp.
You hit the killer bee. Your grab misses the killer bee.
Your squeeze misses the killer bee.
You feel sick. The killer bee barely misses you.
The killer bee closely misses you.
You take 1 damage, and have 30/46 hp.
You hit the killer bee. Your grab misses the killer bee.
You feel sick. The killer bee closely misses you.
You take 1 damage, and have 29/46 hp.
You hit the killer bee. Your grab misses the killer bee.
Your squeeze misses the killer bee.
You feel sick. The killer bee stings you. The killer bee stings you!
You take 13 damage, and have 16/46 hp.
MASSIVE DAMAGE!!
Unknown command.
You barely miss the killer bee. Your grab misses the killer bee.
You feel sick. The killer bee barely misses you.
You take 1 damage, and have 15/46 hp.
As you read the scroll of teleportation, it crumbles to dust.
You feel strangely unstable.
You feel sick. The killer bee stings you!
* * * LOW HITPOINT WARNING * * *
The killer bee stings you!
You die...

..........)......#
.................#
############.....#
#.....# #.....#
#.....#
#.....###+#####
#...>.#.......+
#....@y.......#
#....y#.......#
#.....##...##.#
.?..######.o.#
.....# .......
..... ..........
..... ....?yo...?
... ...........O
.............


You could see 2 killer bees and an orc.

Vanquished Creatures
  An ogre (D:2)
  A scorpion (D:4)
  A killer bee (D:4)
  An orc wizard (D:3)
  3 gnolls (D:2)
  11 adders
  8 worms
  2 leopard geckos
  5 orcs
  7 ball pythons
  6 bats
  5 giant cockroaches
  6 hobgoblins
  7 frilled lizards
  8 goblins
  7 kobolds
  11 rats
90 creatures vanquished.

Notes
Turn   | Place    | Note
-------+----------+-------------------------------------------
     0 | D:1      | mhoghedin the Octopode Assassin began the quest for the
                  | Orb.
     0 | D:1      | Reached XP level 1. HP: 14/14 MP: 1/1
   149 | D:1      | Reached XP level 2. HP: 19/19 MP: 2/2
   322 | D:1      | Reached skill level 6 in Stealth
   336 | D:1      | Reached XP level 3. HP: 24/24 MP: 3/3
   854 | D:2      | Reached skill level 3 in Short Blades
   899 | D:2      | Reached XP level 4. HP: 8/29 MP: 4/4
  1309 | D:2      | Reached skill level 7 in Stealth
  1318 | D:2      | Reached XP level 5. HP: 34/34 MP: 5/5
  1489 | D:2      | Reached skill level 4 in Short Blades
  1745 | D:2      | Found a white marble altar of Elyvilon.
  1751 | D:2      | Noticed an ogre
  1796 | D:2      | Killed an ogre
  1796 | D:2      | Reached skill level 2 in Dodging
  1796 | D:2      | Reached XP level 6. HP: 41/41 MP: 6/6
  2775 | D:3      | Reached skill level 3 in Fighting
  3082 | D:3      | HP: 10/42 [poisoned by a scorpion]
  3087 | D:3      | HP: 8/42 [poisoned by a scorpion]
  3092 | D:3      | HP: 6/42 [poisoned by a scorpion]
  3099 | D:3      | HP: 5/42 [poisoned by a scorpion]
  3107 | D:3      | HP: 5/42 [poisoned by a scorpion]
  3472 | D:4      | Reached XP level 7. HP: 46/46 MP: 7/7
  3483 | D:4      | HP: 6/46 [killer bee (8)]
  3483 | D:4      | Slain by a killer bee

Levels and vault maps discovered:
D:1:      minmay_arrival_jagged, layout_loops_ring
D:2:      layout_rooms, overflow_temple_1_default, minmay_snake_closets
D:3:      layout_loops_corners
D:4:      layout_gridville, first_ration, gammafunk_ghost_grave,
          minmay_door_square, uniq_robin, uniq_duvessa

Skill      XL: |  1  2  3  4  5  6 |
---------------+-------------------+-----
Stealth        | 6 7 |  7.9
Short Blades   | 3 4 |  4.4
Dodging        | 2 |  2.7
Fighting       | 3 |  3.3
Throwing       | |  2.0

Action                   |  1- 3 |  4- 6 |  7- 9 || total
-------------------------+-------+-------+-------++-------
Melee: Dagger            |    39 |   129 |     5 ||   173
       Constrict         |    10 |    30 |       ||    40
       Tentacles         |     7 |    17 |       ||    24
Throw: Dart              |    10 |    10 |       ||    20
  Use: Scroll            |       |     7 |     1 ||     8
 Stab: Sleeping          |    11 |    24 |       ||    35
  Eat: Chunk             |       |     6 |       ||     6
       Ration            |       |     1 |       ||     1
Armor: Skin              |     5 |    10 |       ||    15
Dodge: Dodged            |    29 |    53 |     6 ||    88

Table legend:
 A = Non-vault XP
 B = Vault XP
 C = Vault XP percentage of total XP
 D = Non-vault monster count
 E = Vault monster count
 F = Vault count percentage of total count
                 A         B        C        D         E       F
            +---------+---------+-------+---------+---------+-------
      Total |     535 |      84 |  13.6 |      80 |      10 |  11.1
            +---------+---------+-------+---------+---------+-------
        D:1 |      47 |       0 |   0.0 |      26 |       0 |   0.0
        D:2 |     251 |      84 |  25.1 |      29 |      10 |  25.6
        D:3 |      96 |       0 |   0.0 |      21 |       0 |   0.0
        D:4 |     141 |       0 |   0.0 |       4 |       0 |   0.0
            +---------+---------+-------+---------+---------+-------

Levels and vault maps discovered:
D:1:      minmay_arrival_jagged, layout_loops_ring
D:2:      layout_rooms, overflow_temple_1_default, minmay_snake_closets
D:3:      layout_loops_corners
D:4:      layout_gridville, first_ration, gammafunk_ghost_grave,
          minmay_door_square, uniq_robin, uniq_duvessa

Table legend:
 A = Turns spent in this place as a percentage of turns spent in the entire game.
 B = Non-inter-level travel turns spent in this place as a percentage of non-inter-level travel turns spent in the entire game.
 C = Inter-level travel turns spent in this place as a percentage of turns spent in this place.
 D = Turns resting spent in this place as a percentage of non-inter-level travel turns spent in this place.
 E = Turns spent auto-exploring this place as a percentage of non-inter-level travel turns spent in this place.
 F = Non-inter-level travel turns spent in this place divided by the number of levels of this place that you've seen.
                   A       B       C       D       E      F
               +-------+-------+-------+-------+-------+----------------------
         Total | 100.0 | 100.0 |   3.0 |  31.3 |  50.1 | 845.0
       Dungeon | 100.0 | 100.0 |   3.0 |  31.3 |  50.1 | 845.0
               +-------+-------+-------+-------+-------+----------------------

Table legend:
 A = Kills in this place as a percentage of kills in entire the game.
 B = Kills by you in this place as a percentage of kills by you in the entire game.
 C = Kills by friends in this place as a percentage of kills by friends in the entire game.
 D = Other kills in this place as a percentage of other kills in the entire game.
 E = Experience gained in this place as a percentage of experience gained in the entire game.
 F = Experience gained in this place divided by the number of levels of this place that you have seen.
                   A       B       C       D       E      F
               +-------+-------+-------+-------+-------+----------------------
         Total | 100.0 | 100.0 |   N/A |   N/A | 100.0 | 154.8
       Dungeon | 100.0 | 100.0 |   N/A |   N/A | 100.0 | 154.8
               +-------+-------+-------+-------+-------+----------------------
